[Event "ICC tourney 2891 (30 10)"]
[Site "Internet Chess Club"]
[Date "2022.04.23"]
[Round "5"]
[White "HO, COOPER:arsenicblast"]
[Black "ZHENG, ZHAOXIONG:normzheng"]
[Result "1-0"]
[ICCResult "Black forfeits on time"]
[WhiteElo "1842"]
[BlackElo "1719"]
[Opening "Pirc: Ufimtsev-Pytel variation"]
[ECO "B07"]
[NIC "PU.08"]
[Time "20:00:16"]
[PlyCount "63"]
[TimeControl "1800+10"]

1. e4 d6 2. d4 Nf6 3. Nc3 c6 4. f4 Qa5 5. Bd3 e5 6. Nf3 Nbd7 7. O-O Be7 8.
Be3 O-O 9. h3 Qc7 10. a4 Re8 11. Bc4 d5 12. fxe5 Nxe4 13. Nxe4 dxc4 14. Nfg5
Bxg5 15. Nxg5 Nxe5 16. dxe5 Qxe5 17. Bf4 Qc5+ 18. Kh1 Bf5 19. Bd6 Qa5 20.
Qf3 Bg6 21. Nxf7 Qd5 22. Qxd5 cxd5 23. Ne5 Bxc2 24. Nf3 Rad8 25. Bc5 b6 26.
Bd4 Rd7 27. Ne5 Rde7 28. a5 h6 29. axb6 axb6 30. Nc6 Re6 31. Ra7 Rg6 32.
Ne7+ {Black forfeits on time} 1-0

[Event "ICC tourney 2891 (30 10)"]
[Site "Internet Chess Club"]
[Date "2022.04.23"]
[Round "5"]
[White "DAS, ROHAN:caracal"]
[Black "YUAN, SERENA:doudou2011"]
[Result "1/2-1/2"]
[ICCResult "Game drawn by mutual agreement"]
[WhiteElo "1878"]
[BlackElo "1651"]
[Opening "Queen's pawn game, Darooha variation "]
[ECO "D02"]
[NIC "QP.08"]
[Time "20:00:12"]
[PlyCount "129"]
[TimeControl "1800+10"]

1. d4 d5 2. Nf3 Nf6 3. c4 e6 4. Bf4 c5 5. e3 Nc6 6. Nc3 Bd6 7. Bxd6 Qxd6 8.
dxc5 Qxc5 9. cxd5 Nxd5 10. Nxd5 exd5 11. Qd2 O-O 12. Rc1 Qd6 13. Nd4 Nxd4
14. Qxd4 Bf5 15. Be2 b6 16. Bf3 Rac8 17. O-O Rxc1 18. Rxc1 Rd8 19. Rd1 Qc5
20. Qxc5 bxc5 21. Rxd5 Rxd5 22. Bxd5 Kf8 23. e4 Bd7 24. Bc4 Ke7 25. f3 f6
26. Kf2 Kd6 27. Ke3 Ke5 28. g3 Bc6 29. a3 a5 30. f4+ Kd6 31. Kd3 h6 32. Bf7
Bb5+ 33. Kc3 Bc6 34. Bg6 Bb5 35. Bh5 Bc6 36. Bf3 Bb5 37. Bd1 Bc6 38. Bc2 Bb5
39. Bd3 Bc6 40. Kc4 Bd7 41. e5+ fxe5 42. fxe5+ Kc6 43. Be4+ Kb6 44. Bd5 Bb5+
45. Kc3 Be8 46. b3 Bg6 47. a4 Be8 48. Kc4 Bg6 49. Bf3 Bf7+ 50. Kc3 g5 51.
Be2 Be8 52. Bc4 Bg6 53. Bd5 Be8 54. Kc4 Bg6 55. e6 Be8 56. e7 Bg6 57. g4 Be8
58. Be6 Kc6 59. Bc8 Bf7+ 60. Kc3 Kd6 61. Ba6 Kxe7 62. Bc4 Be8 63. Bd5 Kd6
64. Kc4 Bd7 65. h3 {Game drawn by mutual agreement} 1/2-1/2

[Event "ICC tourney 2891 (30 10)"]
[Site "Internet Chess Club"]
[Date "2022.04.23"]
[Round "5"]
[White "OPASKA, MICHAEL:mopaska1106"]
[Black "Fong, Kevin:kleong12"]
[Result "0-1"]
[ICCResult "White resigns"]
[WhiteElo "1778"]
[BlackElo "1811"]
[Opening "QGD Slav: 3.Nf3"]
[ECO "D11"]
[NIC "SL.01"]
[Time "20:00:19"]
[PlyCount "142"]
[TimeControl "1800+10"]

1. d4 d5 2. c4 c6 3. Nf3 Nf6 4. g3 Bf5 5. Bg2 e6 6. O-O h6 7. Nc3 Be7 8. b3
O-O 9. Bb2 Nbd7 10. Qd2 a5 11. Rfd1 Ne4 12. Nxe4 Bxe4 13. Qe3 Nf6 14. h3 a4
15. Bf1 Qc7 16. Ne5 Nd7 17. Nd3 Bg5 18. f4 Bf6 19. Nf2 Bh7 20. Qf3 Qb6 21.
c5 Qc7 22. e4 a3 23. Bc3 dxe4 24. Qe3 Rfd8 25. Rac1 Be7 26. Nxe4 Nf6 27.
Nxf6+ Bxf6 28. Bc4 Rd7 29. Be1 Rad8 30. Bc3 e5 31. fxe5 Bg5 32. Qf2 Bxc1 33.
Rxc1 Kh8 34. b4 Be4 35. Rf1 Bg6 36. Qf4 Re7 37. h4 h5 38. Bb3 b6 39. g4 bxc5
40. bxc5 Qd7 41. gxh5 Bxh5 42. Qg5 Bg6 43. h5 Bh7 44. h6 Rg8 45. Kh2 gxh6
46. Qf6+ Rg7 47. Rg1 Bg6 48. Rg3 Kh7 49. Rg2 Re8 50. Rg3 Qf5 51. Qxf5 Bxf5
52. Rxg7+ Kxg7 53. d5 cxd5 54. Bxd5 Be6 55. Bb7 Kg6 56. c6 Bxa2 57. c7 Be6
58. Kg3 a2 59. Kf4 h5 60. Be4+ Kh6 61. Bb7 h4 62. Ba1 Kg6 63. Be4+ Kh6 64.
Bb7 h3 65. Kg3 Kg5 66. Bb2 Bc8 67. Bd5 Be6 68. Bb7 Rg8 69. Kf2 Kf4 70. Bc1+
Kxe5 71. Bb2+ Kd6 {White resigns} 0-1